AoeStats
← Faggerbahrer Ulli

Arabia

509879534Analyzed
1v1 RM · 4d ago on Sep 28, 2026· 26m 46s· 2 players
Game mode
Random Map
Map size
Tiny (2 player)
Population
200
Speed
Normal
Resources
Standard
Victory
Conquest
Starting age
Dark Age
Ending age
Imperial Age
RankedLock teamsTeams togetherTeam positionsShared explorationLock speedFull tech treeHidden civsTurbo modeCheats
Victory
Defeat
🇩🇪 Franks · Germany
1111
+17
🇨🇳 Franks · China
1141
-17
280931900
8:13 Loom
10:40 Feudal Age
23:53 Castle Age
23:02 Double-Bit Axe
25:08 Bow Saw
24:52 Gold Mining
Faggerbahrer Ulli
2:44 Loom
10:54 Feudal Age
11:30 Double-Bit Axe
16:23 Forging
20:19 Wheelbarrow
23:12 Castle Age
21:51 Scale Barding Armor
24:35 Chain Barding Armor
24:48 Husbandry
Connection lost

Rejoining the realm…

Still unreachable

The connection could not be restored.

Session expired

The server has moved on; the page needs a fresh start.